 Dungeon Crawl Stone Soup version 0.30.0 (webtiles) character file.

Game seed: 10556573108882094257

80 samcosmo the Grasshopper (level 4, 0/37 HPs)
             Began as a Draconian Warper on July 19, 2023.
             Killed from afar by Natasha (5 damage)
             ... with a magic dart
             ... on level 2 of the Dungeon on July 20, 2023.
             The game lasted 00:04:48 (1974 turns).

samcosmo the Grasshopper (Draconian Warper)         Turns: 1974, Time: 00:04:49

Health: 0/37       AC:  5    Str: 16    XL:     4   Next: 18%
Magic:  6/7        EV: 12    Int: 13    God:
Gold:   157        SH:  0    Dex: 10    Spells: 3/8 levels left

rFire   . . .        a - +0 mace
rCold   + . .        (no shield)
rNeg    . . .        (body armour unavailable)
rPois   .            (helmet restricted)
rElec   .            (no cloak)
rCorr   .            (no gloves)
SInv    .            (no boots)
Will    .....        (no amulet)
Stlth   +            k - ring of protection from cold
HPRegen 0.26/turn    (no ring)
MPRegen 0.10/turn

%: no passive effects
@: no status effects
A: AC +5, unfitting armour, cold-blooded
a: no special abilities


You were on level 2 of the Dungeon.
You visited 1 branch of the dungeon, and saw 2 of its levels.

You collected 157 gold pieces.

Inventory:

Hand Weapons
 a - a +0 mace (weapon)
Missiles
 c - 7 boomerangs of dispersal (quivered)
Jewellery
 k - a ring of protection from cold (left hand)
Scrolls
 b - a scroll of blinking
 d - a scroll of identify {unknown}
 g - a scroll of torment {unknown}
 h - a scroll of vulnerability {unknown}
 j - a scroll of teleportation {unknown}
 l - a scroll of enchant armour {unknown}
Potions
 e - a potion of might {unknown}
 f - a potion of curing {unknown}
 i - 2 potions of mutation {unknown}
 m - a potion of resistance {unknown}


   Skills:
 + Level 2.9 Fighting
 + Level 2.6 Maces & Flails
 - Level 0.8 Throwing
 - Level 2.1 Dodging
 + Level 2.5 Spellcasting
 * Level 3.9 Translocations


You had 3 spell levels left.
You knew the following spells:

 Your Spells              Type           Power      Damage    Failure   Level
a - Blink                 Tloc           22%        N/A       7%          2
b - Vhi's Electric Charg  Tloc/Air       12%        N/A       32%         3

Your spell library contained the following spells:

 Spells                   Type           Power      Damage    Failure   Level
 Lesser Beckoning         Tloc           22%        N/A       7%          2
 Teleport Other           Tloc           11%        N/A       14%         3
 Manifold Assault         Tloc           11%        N/A       43%         4


Dungeon Overview and Level Annotations

Branches:
Dungeon (2/15)

Altars:

Shops:
D:1 ?[?

Annotations:
D:2 Natasha


Innate Abilities, Weirdness & Mutations

Your plain brown scales are hard. (AC +5)
You cannot fit into any form of body armour.
You are cold-blooded and may be slowed by cold attacks.


Message History

You feel stable enough to blink again. Natasha claws you.
The cerulean imp hits you from afar with a +2 spear.
Natasha claws you.
You closely miss Natasha.
The cerulean imp hits you from afar with a +2 spear.
Natasha claws you.
You closely miss Natasha. The cerulean imp completely misses you.
Natasha claws you. The cerulean imp closely misses you.
You closely miss Natasha. Natasha claws you.
* * * LOW HITPOINT WARNING * * *
The cerulean imp closely misses you.
You completely miss Natasha. Natasha closely misses you.
The cerulean imp barely misses you. Natasha closely misses you.
You closely miss Natasha.
The cerulean imp hits you but does no damage.
Natasha barely misses you.
You hit Natasha.
Your tail-slap misses Natasha.
Natasha is lightly wounded.
The cerulean imp hits you from afar with a +2 spear.
* * * LOW HITPOINT WARNING * * *
Natasha claws you but does no damage.
The cerulean imp hits you but does no damage.
You hit Natasha.
Natasha is heavily wounded.
Natasha closely misses you.
The cerulean imp hits you from afar with a +2 spear.
* * * LOW HITPOINT WARNING * * *
You closely miss Natasha.
Your tail-slap misses Natasha.
Natasha is heavily wounded.
Natasha barely misses you.
The cerulean imp hits you but does no damage.
Natasha closely misses you.
You hit Natasha.
You tail-slap Natasha, but do no damage.
Natasha is severely wounded.
The cerulean imp closely misses you.
Natasha stares at you and mumbles some strange words.
The magic dart hits you.
You die...

##.... #.# #....
#.# ##... #.# ...
#.# ###'## #.#
#....# #.# #....#
#.#
#...5##########.#
#....h@.........#
#....############
#....# #....#
#....# ######


You could see Natasha and a cerulean imp (summoned).

Vanquished Creatures
  Natasha (D:2)
  Terence (D:2)
  An adder (D:2)
  A worm (D:2)
  A dart slug (D:1)
  5 bats
  An endoplasm (D:1)
  A quokka (D:2)
  A ball python (D:2)
  2 kobolds (D:2)
  4 rats
19 creatures vanquished.

Notes
Turn   | Place    | Note
-------+----------+-------------------------------------------
     0 | D:1      | samcosmo the Draconian Warper began the quest for the Orb.
     0 | D:1      | Reached XP level 1. HP: 17/17 MP: 3/3
    23 | D:1      | Found Nuxzehih's Magic Scroll Boutique.
   135 | D:1      | You fall into a shaft and drop 1 floor!
   140 | D:2      | Reached XP level 2. HP: 25/25 MP: 5/5
   542 | D:1      | Found Seup's Antique Armour Boutique.
   612 | D:1      | Found Cohen's Magic Scroll Emporium.
  1049 | D:2      | Noticed Terence
  1068 | D:2      | Killed Terence
  1069 | D:2      | Reached XP level 3. HP: 23/30 MP: 6/6
  1200 | D:2      | Learned a level 2 spell: Blink
  1204 | D:2      | Learned a level 3 spell: Vhi's Electric Charge
  1627 | D:2      | Noticed Natasha
  1645 | D:2      | Killed Natasha
  1646 | D:2      | Reached XP level 4. HP: 7/37 MP: 7/7
  1953 | D:2      | Noticed Natasha
  1974 | D:2      | Killed from afar by Natasha

Illustrated notes

Levels and vault maps discovered:
D:1:      dpeg_arrival_castle, layout_loops_ring, serial_shops,
          nicolae_shop_trees, nicolae_shop_tiny_statue_garden,
          nicolae_shop_advertising_works [nicolae_subvault_shop_adworks],
          serial_co_window_serial, co_window_of_opportunity_a,
          co_window_paths_a, co_window_of_opportunity_a,
          co_window_of_opportunity_a, co_window_paths_a, co_window_broadway_a,
          co_window_unsneaky_path_c, co_window_broadway_b, glass_columns_c,
          glass_columns_a, glass_columns_b, glass_columns_c, glass_columns_a
D:2:      layout_basic, minmay_tromino_mix6, uniq_terence, uniq_natasha

Action                     |  1- 3 |  4- 6 || total
---------------------------+-------+-------++-------
  Melee: Mace              |    92 |    11 ||   103
         Tailslap          |     9 |     1 ||    10
         Punch             |     1 |       ||     1
   Cast: Blink             |       |     1 ||     1
   Stab: Sleeping          |     2 |       ||     2
 Armour: Skin              |    26 |     5 ||    31
  Dodge: Dodged            |    62 |    13 ||    75
